Unix NetHack Version 5.0.0-0 post-release - last build May  4 2026 22:22:43 (774f63e81ad911689b3a0859ea89b322d5daca8d,branch:main).

Game began 2026-05-10 15:38:06, ended 2026-05-10 16:16:05.

Ackbladder, neutral female gnomish Wizard

                              --------               --------
                              |.`....|              #.......|       ---------
                              |......|              #|......|       |.).....|
                                .....|              #|.......####   |...|...|
                                  ...|             ##|......|   ####........|
                                   -@-             # --------       |..<....|
                                    @              #                |.......|
                                    ###            #                ------|--
                                      #            #                      #
                                     ##            #                      #
                                     #######       #                      #
                                      ##   ##     ##                      #
                                       #    ###  ##                  ######
                                       #      ## #                   #
                                 ------.-------|-#                  -.------
                                 |..............|#     #############.......|
                                 +..............|#   ###            |.....>|
                                 |...............####`              |......|
                                 ----------------                   --------

Ackbladder the Thaumaturge  St:10 Dx:16 Co:16 In:18 Wi:11 Ch:9  Neutral
Dlvl:6  $:70 HP:0(47) Pw:52(67) AC:9  Xp:6 T:5671 

Latest messages:
 The giant bat bites!
 You miss the giant bat.
 The giant bat bites!
 The giant bat bites!
 The magic-absorbing blade stuns the giant bat!
 The giant bat is confused.
 You hit the giant bat.
 The giant bat bites!
 You hit the giant bat.
 The magic-absorbing blade cancels the giant bat!
 You kill the giant bat!
 You are now more skilled in dagger.
 The door resists!
 The door opens.
 You miss the giant ant.
 The giant ant bites!
 You miss the giant ant.
 The giant ant bites!
 The giant ant bites!
 The magic-absorbing blade scares the giant ant!
 The giant ant is confused.
 You kill the giant ant!
 You hit the yellow mold!
 You stagger...
 You kill the yellow mold!
 You feel a bit steadier now.
 You find a hidden door.
 The door resists!
 The door opens.
 The rothe hits!
 The rothe bites!
 The rothe bites again!
 You hit the rothe.
 The Woodland-elf wields a runed broadsword!
 In what direction? 8
 The spell hits the rothe!
 You kill the rothe!
 There is an open door here.
 You see here a rothe corpse.
 In what direction? 2
 The spell hits the Woodland-elf!
 The Woodland-elf swings his runed broadsword.
 The Woodland-elf hits!
 In what direction? 2
 The spell misses the Woodland-elf.
 The Woodland-elf swings his runed broadsword.
 The Woodland-elf hits!
 You die...
 Do you want your possessions identified? [ynq] (y) y
 Do you want to see your attributes? [ynq] (y) q

Inventory:
 Coins    ('$')
  $ - 70 gold pieces
 Weapons  (')')
  w - the rustproof +0 Magicbane (weapon in right hand)
  G - a +2 orcish dagger
  a - a blessed +1 quarterstaff
 Armor    ('[')
  b - a blessed +0 cloak of magic resistance (being worn)
 Comestibles  ('%')
  r - an uncursed food ration
 Scrolls  ('?')
  P - an uncursed scroll of amnesia
  O - 2 uncursed scrolls of enchant armor
  M - a cursed scroll of enchant weapon
  R - an uncursed scroll of gold detection
  t - a blessed scroll of light
  Y - an uncursed scroll of magic mapping
  q - an uncursed scroll of remove curse
  T - an uncursed scroll of scare monster
 Spellbooks  ('+')
  p - an uncursed spellbook of confuse monster
  j - a blessed spellbook of force bolt
  k - an uncursed spellbook of light
 Potions  ('!')
  X - an uncursed potion of booze
  h - an uncursed potion of fruit juice
  N - a blessed potion of healing
  Q - an uncursed potion of object detection
  C - a cursed potion of restore ability
  f - 2 uncursed potions of see invisible
  g - a potion of holy water
 Rings    ('=')
  e - an uncursed ring of protection from shape changers (on right hand)
  d - an uncursed ring of see invisible
 Wands    ('/')
  m - a wand of fire (0:6)
  c - a wand of lightning (0:7)
  u - a wand of slow monster (0:3)
 Tools    ('(')
  s - an uncursed bell
  l - a magic marker (0:20)
  J - a tinning kit (0:31)
 Gems/Stones  ('*')
  Z - an uncursed worthless piece of yellow glass
  E - 3 uncursed flint stones

Ackbladder the Wizard's attributes:

Background:
 You were a Thaumaturge, a level 6 female gnomish Wizard.
 You were neutral, on a mission for Thoth
 who was opposed by Ptah (lawful) and Anhur (chaotic).
 You were right-handed.
 You were in the Dungeons of Doom, on level 6.
 You entered the dungeon 5671 turns ago.
 You had 470 experience points, 170 more were needed to attain level 7.

Basics:
 You had 0 out of 47 hit points.
 You had 52 out of 67 energy points (spell power).
 Your armor class was 9.
 Your wallet contained 70 zorkmids.
 Autopickup was off.

Final Characteristics:
 Your strength was 10 (limit:18/50).
 Your dexterity was 16 (limit:18).
 Your constitution was 16 (limit:18).
 Your intelligence was 18 (limit:19).
 Your wisdom was 11 (limit:18).
 Your charisma was 9 (limit:18).

Final Status:
 You weren't hungry.
 You were unencumbered.
 You were wielding a dagger.
 You had basic skill with dagger.

Final Attributes:
 You were piously aligned.
 You were magic-protected.
 You were telepathic.
 You had infravision.
 You were warded.
 You were protected from shape changers.
 You are dead.

Miscellaneous:
 You didn't encounter any bones levels.
 Total elapsed playing time was 37 minutes and 58 seconds.

Major events:
 Turn
    1: Ackbladder the neutral female gnomish Wizard entered the dungeon
 1013: attained the rank of Conjurer (level 3)
 2990: entered the Gnomish Mines
 4079: was bestowed with Magicbane by Thoth
 4660: attained the rank of Thaumaturge (level 6)
 5671: killed by a Woodland-elf

Spells:
 Name                 Level Category     Fail Retention
 force bolt             1   attack         0%   71%-80%
 light                  1   divination     0%   51%-75%
 confuse monster        1   enchantment    0%   71%-80%

Skills:
 Fighting Skills
   bare handed combat [Unskilled]
   riding             [Unskilled]
 Weapon Skills
   dagger             [Basic]
   knife              [Unskilled]
   axe                [Unskilled]
   short sword        [Unskilled]
   club               [Unskilled]
   mace               [Unskilled]
   quarterstaff       [Basic]
   polearms           [Unskilled]
   spear              [Unskilled]
   trident            [Unskilled]
   sling              [Unskilled]
   dart               [Unskilled]
   shuriken           [Unskilled]
 Spellcasting Skills
   attack spells      [Basic]
   healing spells     [Unskilled]
   divination spells  [Unskilled]
   enchantment spells [Basic]
   clerical spells    [Unskilled]
   escape spells      [Unskilled]
   matter spells      [Unskilled]

Voluntary challenges:
 Character rerolling was not enabled.
 You never genocided any monsters.
 You never polymorphed an object.
 You never changed form.
 You used no wishes.
Achievements:
 You entered a shop.
 You attained the rank of Conjurer.
 You entered the Gnomish Mines.
 You attained the rank of Thaumaturge.

 The Dungeons of Doom: levels 1 to 7
    Level 1:
    Level 2:
       A ring shop, an altar to Thoth, a grave.
    Level 3:
       A general store.
    Level 4:
       Stairs down to The Gnomish Mines.
    Level 5:
    Level 6: <- You were here.
       A grave.
       Final resting place for
          you, killed by a Woodland-elf.
    Level 7:
 The Gnomish Mines:
    Level 5:


Vanquished creatures:
  a large mimic
  3 human zombies
 an imp
  a water nymph
 an orc shaman
  a rock mole
  a pony
  3 giant ants
  a floating eye
  a kitten
  a rothe
  3 giant bats
  2 dwarf zombies
  3 iguanas
  a killer bee
  2 acid blobs
  4 coyotes
  a gas spore
  a hobbit
  2 large kobolds
  a giant rat
  2 yellow molds
  2 gnome zombies
  5 geckos
  3 jackals
  a kobold
  5 goblins
  2 sewer rats
  3 grid bugs
  9 lichens
  2 kobold zombies
  9 newts
78 creatures vanquished.

No species were genocided or became extinct.

Game over:
                       ----------
                      /          \
                     /    REST    \
                    /      IN      \
                   /     PEACE      \
                  /                  \
                  |    Ackbladder    |
                  |      70 Au       |
                  |   killed by a    |
                  |   Woodland-elf   |
                  |                  |
                  |                  |
                  |       2026       |
                 *|     *  *  *      | *
        _________)/\\_//(\/(/\)/\//\/|_)_______

Goodbye Ackbladder the Wizard...

You died in The Dungeons of Doom on dungeon level 6 with 2309 points,
and 70 pieces of gold, after 5671 moves.
You were level 6 with a maximum of 47 hit points when you died.

